 Dungeon Crawl Stone Soup version 0.19.0-18-g426998a (webtiles) character file.

158 Monkfish the Chopper (level 5, 0/47 HPs)
             Began as a Minotaur Berserker on Nov 11, 2016.
             Was a Believer of Trog.
             Killed by divine providence
             ... invoked by an orc priest
              (9 damage)
             ... on level 3 of the Dungeon.
             The game lasted 00:02:20 (1435 turns).

Monkfish the Chopper (Minotaur Berserker)           Turns: 1435, Time: 00:02:22

Health: 0/47       AC: 11    Str: 20 (22) XL:     5   Next: 16%
Magic:  4/4        EV: 12    Int:  3 (4)  God:    Trog [**....]
Gold:   95         SH:  0    Dex:  8 (10) Spells: 0 memorised, 4 levels left

rFire  . . .     SeeInvis .     b - +0 war axe
rCold  . . .     Gourm    .     l - +3 leather armour
rNeg   . . .     Faith    .     (no shield)
rPois  .         Spirit   .     (helmet restricted)
rElec  .         Reflect  .     m - +2 cloak
rCorr  .         Harm     .     (no gloves)
MR     .....                    (no boots)
Stlth  +.........               (no amulet)
                                (no ring)
                                (no ring)

@: no status effects
A: retaliatory headbutt, horns 2, talons 1, iridescent scales 1, sense
surroundings 1
a: Berserk, Trog's Hand, Burn Spellbooks, Renounce Religion


You were on level 3 of the Dungeon.
You worshipped Trog.
Trog was pleased with you.
You were hungry.

You visited 1 branch of the dungeon, and saw 3 of its levels.

You collected 95 gold pieces.

Inventory:

Hand Weapons
 b - a +0 war axe (weapon)
Armour
 l - a +3 leather armour (worn)
 m - a +2 cloak (worn)
Wands
 a - a wand of random effects (27/48)
Scrolls
 d - 4 scrolls of identify
Potions
 e - a potion of ambrosia
Comestibles
 c - 4 bread rations
 f - a meat ration
 g - 2 fruits


   Skills:
 + Level 4.3 Fighting
 + Level 5.1 Axes
 * Level 3.5 Armour
 + Level 2.5 Dodging
 * Level 1.8 Stealth


You had 4 spell levels left.
You didn't know any spells.

Dungeon Overview and Level Annotations

Branches:
Dungeon (3/15)

Altars:
Fedhas
Ru


Innate Abilities, Weirdness & Mutations

You reflexively headbutt those who attack you in melee.
You have a pair of horns on your head.
You have sharp toenails.
You are partially covered in iridescent scales. (AC +2)
You passively map a small area around you.


Message History

The orc hits you but does no damage.
You closely miss the orc. You claw the orc, but do no damage.
The orc barely misses you. The orc completely misses you.
You hit the orc but do no damage.
The orc priest calls down the wrath of Beogh upon you.
Beogh smites you!
* * * LOW HITPOINT WARNING * * *
The orc hits you but does no damage.
You slash the orc!
You kill the orc!
Trog accepts your kill.
You barely miss the orc priest.
The orc priest hits you but does no damage. x2
You barely miss the orc priest.
You claw the orc priest, but do no damage.
You headbutt the orc priest!
The orc priest is severely wounded.
The orc priest calls down the wrath of Beogh upon you.
Beogh smites you!
You die...

#.#,#.#
* ,*
#.# #.#
*, *
#.. #.#
, , ###
#.# , ,
#.# ,
#.# ,
#####.#
,
#.....#
,
#@#####
, * #o#
+* * *
* ,.o#
, ...#
* *
...## *
* #...
* ####
######
#.....
,
#.....


You could see an orc priest and an orc.

Vanquished Creatures
  An orc priest (D:3)
  6 adders
  An ooze (D:2)
  2 worms
  2 dart slugs
  A leopard gecko (D:3)
  7 orcs (D:3)
  4 bats
  A giant cockroach (D:3)
  3 goblins
  9 hobgoblins
  4 jackals (D:3)
  6 kobolds
  4 frilled lizards
  4 rats
55 creatures vanquished.

Notes
Turn   | Place    | Note
-------+----------+-------------------------------------------
     0 | D:1      | Monkfish the Minotaur Berserker began the quest for the Orb.
     0 | D:1      | Reached XP level 1. HP: 19/19 MP: 0/0
   177 | D:1      | Reached XP level 2. HP: 21/27 MP: 1/1
   663 | D:1      | Reached skill level 1 in Stealth
   734 | D:1      | Gained mutation: You passively map a small area around you. [potion of mutation]
   734 | D:1      | Gained mutation: You have sharp toenails. [potion of mutation]
   734 | D:1      | Gained mutation: You are partially covered in iridescent scales. (AC +2) [potion of mutation]
   779 | D:2      | Reached XP level 3. HP: 33/33 MP: 2/2
   785 | D:2      | Reached skill level 4 in Axes
   956 | D:2      | Found a sacrificial altar of Ru.
   957 | D:2      | Reached ** piety under Trog
  1171 | D:2      | Found a faded altar of an unknown god.
  1172 | D:2      | Reached XP level 4. HP: 40/40 MP: 3/3
  1355 | D:3      | Found a blossoming altar of Fedhas.
  1429 | D:3      | Reached skill level 5 in Axes
  1429 | D:3      | Reached XP level 5. HP: 20/47 MP: 4/4
  1435 | D:3      | Killed from afar by an orc priest

Skill      XL: |  1  2  3  4 |
---------------+-------------+-----
Stealth        | 1 |  1.8
Fighting       | 4 |  4.3
Axes           | 4 5 |  5.1
Armour         | 3 |  3.5
Dodging        | |  2.5

Action                   |  1- 3 |  4- 6 || total
-------------------------+-------+-------++-------
Melee: Hand axe          |    64 |    26 ||    90
       Headbutt          |    13 |     9 ||    22
       Kick              |     8 |    14 ||    22
       War axe           |       |    26 ||    26
Invok: Trog's Hand       |       |     3 ||     3
  Use: Scroll            |     4 |     3 ||     7
       Potion            |     3 |     2 ||     5
  Eat: Chunk             |     1 |     1 ||     2
Armor: Animal skin       |     1 |       ||     1
       Leather armour    |    13 |    27 ||    40
Dodge: Dodged            |    49 |    27 ||    76
